Thunder vs Senators
Created - 9 janvier 2016 at 23:33
Goals
|
| Thunder |
2 |
4 |
4 |
10 |
| Senators |
0 |
1 |
0 |
1 |
|
Shots
|
| Thunder |
12 |
11 |
14 |
37 |
| Senators |
11 |
20 |
9 |
40 |
|
1st period
1. Thunder , Dany Roussin 15 (Matt Generous) at 10:59
2. Thunder , Brandon Mashinter 9 (Pierre-Alexandre Parenteau) at 19:02
Penalties :
No Penalty
2nd period
3. Thunder , Brandon Mashinter 10 (Pierre-Alexandre Parenteau, Dany Roussin) at 1:41
4. Thunder , Adam Hall 21 (David Fischer, Dany Roussin) at 10:15
5. Thunder , Tom Pyatt 15 (Dany Roussin, Adam Hall) at 11:15
6. Thunder , Matt Martin 8 (Pierre-Alexandre Parenteau, Brandon Mashinter) at 13:03
7. Senators , Josh Hennessy 4 (Stanislav Chistov, Sergei Kostitsyn) at 15:23 (PP)
Penalties :
Gabriel Bourque (BIN) for Interference (Minor) at 2:37, Tom Pyatt (TRO) for Boarding (Minor) at 14:45
3rd period
8. Thunder , Joey Ryan 3 (Pierre-Alexandre Parenteau, Matt Martin) at 9:09 (PP)
9. Thunder , Adam Hall 22 (Joey Ryan, David Fischer) at 10:53
10. Thunder , Adam Hall 23 (Dany Roussin, Tom Pyatt) at 11:38
11. Thunder , Brandon Mashinter 11 (Keith Yandle, Jon Kalinski) at 12:23 (PP)
Penalties :
Martin Marincin (BIN) for Slashing (Minor) at 0:43, Nick Bjugstad (BIN) for Charging (Minor) at 9:02, Sergei Kostitsyn (BIN) for Fighting (Major) at 11:34, Matt Martin (TRO) for Fighting (Major) at 11:34, Milan Jurcina (BIN) for Roughing (Minor) at 11:43, Josh Hennessy (BIN) for Fighting (Major) at 14:20, Mat Clark (TRO) for Fighting (Major) at 14:20
Goalie Stats
Corey Crawford (TRO), 39 saves from 40 shots - (0,975), W, 13-12-3, 60:00 minutes
Alexander Salak (BIN), 16 saves from 22 shots - (0,727), 29:45 minutes
Jonas Gustavsson (BIN), 11 saves from 15 shots - (0,733), L, 17-12-2, 30:15 minutes
Players Stats for Thunder
Player Name G A P +/- PIM S H SB GA TA FO MP PP MP PK MP
------------------------------------------------------------------------------------
Adam Hall 3 1 4 5 0 5 1 1 1 0 6/7 24:27 2:42 0:38
Bobby Farnham 0 0 0 1 0 0 0 0 0 0 0/0 5:50 0:00 0:00
Brandon Mashinter 3 1 4 3 0 5 2 0 0 1 8/14 18:50 2:03 0:00
Brett Festerling 0 0 0 0 0 0 0 0 0 0 0/0 11:00 0:00 0:00
Carl Hagelin 0 0 0 0 0 1 1 0 0 2 1/3 15:08 0:00 0:00
Colby Cohen 0 0 0 0 0 0 0 4 0 0 0/0 4:45 0:00 0:00
Dalton Smith 0 0 0 1 0 0 0 0 0 0 0/0 5:50 0:00 0:00
Dany Roussin 1 4 5 4 0 4 3 0 0 1 1/3 19:34 2:42 0:00
David Fischer 0 2 2 6 0 0 0 0 0 0 0/0 17:33 1:55 0:00
Derek Forbort 0 0 0 0 0 0 0 0 0 0 0/0 1:33 0:00 0:38
Dmitri Orlov 0 0 0 0 0 0 0 0 0 0 0/0 4:45 0:00 0:00
Jannik Hansen 0 0 0 0 0 3 2 0 0 0 0/0 15:08 0:00 0:00
Jesse Blacker 0 0 0 0 0 0 0 0 0 0 0/0 0:00 0:00 0:00
Joey Ryan 1 1 2 6 0 3 1 1 3 1 0/0 17:33 1:55 0:00
Jon Kalinski 0 1 1 0 0 0 0 0 0 0 1/1 3:23 0:17 0:00
Keith Yandle 0 1 1 2 0 4 3 2 0 1 0/0 26:42 2:50 0:38
Kelly Zajac 0 0 0 0 0 1 1 0 0 0 2/4 15:08 0:00 0:00
Mat Clark 0 0 0 0 5 0 0 0 0 1 0/0 10:04 0:00 0:00
Matt Generous 0 1 1 1 0 1 0 3 0 3 0/0 12:16 1:00 0:00
Matt Martin 1 1 2 3 5 4 0 0 0 0 1/1 17:01 1:46 0:00
Pierre-Alexandre Parente 0 4 4 3 0 4 2 0 0 0 0/0 19:28 2:03 0:38
Taylor Doherty 0 0 0 1 0 0 0 0 0 0 0/0 13:48 1:50 0:00
Tom Pyatt 1 1 2 4 2 2 2 0 0 2 18/32 19:33 2:42 0:00
Players Stats for Senators
Player Name G A P +/- PIM S H SB GA TA FO MP PP MP PK MP
------------------------------------------------------------------------------------
Brett Sterling 0 0 0 -1 0 1 1 1 0 0 0/1 18:04 0:00 0:44
Cody Hodgson 0 0 0 -1 0 4 0 0 1 0 4/13 17:55 0:00 0:46
Erik Karlsson 0 0 0 -3 0 2 1 2 3 0 0/0 27:42 0:38 3:33
Gabriel Bourque 0 0 0 -3 2 3 1 1 0 0 0/0 11:35 0:00 0:00
Jack Skille 0 0 0 -4 0 3 0 1 0 0 1/2 13:26 0:00 0:00
Jaden Schwartz 0 0 0 0 0 1 0 0 0 1 0/0 7:14 0:00 0:00
Josh Hennessy 1 0 1 -4 5 4 3 0 1 0 13/30 18:04 0:38 0:46
Mark Olver 0 0 0 -3 0 2 1 0 0 0 2/5 12:29 0:00 0:00
Martin Marincin 0 0 0 -1 2 1 0 0 0 0 0/0 13:49 0:00 0:00
Matt Frattin 0 0 0 0 0 2 1 1 0 0 0/1 9:18 0:00 1:10
Milan Jurcina 0 0 0 -3 2 2 3 2 1 0 0/0 27:05 0:38 2:57
Nick Bjugstad 0 0 0 0 2 1 0 0 0 0 0/1 7:36 0:00 0:14
Nicolas Deslauriers 0 0 0 -1 0 1 1 0 0 0 0/0 14:25 0:00 0:36
Patrick Wey 0 0 0 -4 0 0 1 1 0 0 0/0 18:29 0:00 1:12
Sergei Kostitsyn 0 1 1 -3 5 3 0 1 1 0 4/9 19:50 0:38 2:35
Shane Sims 0 0 0 -4 0 0 0 2 0 1 0/0 18:29 0:00 1:12
Stanislav Chistov 0 1 1 -4 0 5 1 0 2 2 2/2 22:31 0:38 3:15
Steven Goertzen 0 0 0 -1 0 5 0 1 3 0 1/1 17:08 0:00 0:00
3 Stars
1 - Adam Hall (TRO)
2 - Brandon Mashinter (TRO)
3 - Dany Roussin (TRO)
Power Play
Thunder - 2 on 4 Attempt(s) - 50,00%
Senators - 1 on 1 Attempt(s) - 100,00%
Penalty Kill
Thunder - 0 on 1 Attempt(s) - 0,00%
- Score 0 goal in Penalty Kill
Senators - 2 on 4 Attempt(s) - 50,00%
- Score 0 goal in Penalty Kill
Team Stat
Thunder - Hits : 18 - Faceoff Wins : 38 - Blocked Shots : 11 - Penalty Minutes : 12
Senators - Hits : 14 - Faceoff Wins : 27 - Blocked Shots : 13 - Penalty Minutes : 18
Official
Referees : Walkom Stephen and Ciamaga Chris
Linesman : Brad Kovachik and Derek Nansen
Game Notes
10:15 of 2nd period - Thunder goal is going for a video replay. After video review, Goal.
Alexander Salak enters game at 10:15 of 2nd period
Matt Generous is injured at 10:59 of 2nd period (Bruised Left Foot)
Sergei Kostitsyn and Matt Martin fight to a draw at 11:34 of 3rd period
Adam Hall has scored a Hat Trick!
Brandon Mashinter has scored a Hat Trick!
Mat Clark beats up Josh Hennessy at 14:20 of 3rd period
Finance
Level 1 -- Attendance: 1597 (79,85%) -- Ticket Income 47 910 $
Level 2 -- Attendance: 751 (75,10%) -- Ticket Income 7 510 $
Total Attendance: 2348 (78,27%)
Total Ticket Income: 55 420 $
Other Income: 2 771 $
Total Income: 58 191 $
Thunder
5 vs 5 Forward
Center Left Wing Right Wing Time % Phy DF OF
1 Tom Pyatt Dany Roussin Adam Hall 40 1 2 2
2 Brandon Mashinter Matt Martin Pierre-Alexandre Parentea30 1 2 2
3 Kelly Zajac Carl Hagelin Jannik Hansen 20 1 2 2
4 Adam Hall Dalton Smith Bobby Farnham 10 1 2 2
5 vs 5 Defense
Defense Defense Time % Phy DF OF
1 Keith Yandle Matt Generous 40 1 2 2
2 Joey Ryan David Fischer 30 1 2 2
3 Brett Festerling Mat Clark 20 1 2 2
4 Colby Cohen Dmitri Orlov 10 1 2 2
PowerPlay Forward
Center Left Wing Right Wing Time % Phy DF OF
1 Tom Pyatt Dany Roussin Adam Hall 60 1 2 2
2 Brandon Mashinter Matt Martin Pierre-Alexandre Parentea40 1 2 2
PowerPlay Defense
Defense Defense Time % Phy DF OF
1 Keith Yandle Matt Generous 60 1 2 2
2 Joey Ryan David Fischer 40 1 2 2
Penalty Kill 4 Players Forward
Center Wing Time % Phy DF OF
1 Adam Hall Pierre-Alexandre Parentea60 1 2 2
2 Dany Roussin Matt Martin 40 1 2 2
Penalty Kill 4 Players Defense
Defense Defense Time % Phy DF OF
1 Keith Yandle Matt Generous 60 1 2 2
2 Joey Ryan David Fischer 40 1 2 2
Penalty Kill - 3 Players Forward
Forward Time % Phy DF OF
1 Adam Hall 60 1 2 2
2 Pierre-Alexandre Parentea 40 1 2 2
Penalty Kill - 3 Players Defense
Defense Defense Time % Phy DF OF
1 Keith Yandle Matt Generous 60 1 2 2
2 Joey Ryan David Fischer 40 1 2 2
4 vs 4 Forward
Center Wing Time % Phy DF OF
1 Adam Hall Pierre-Alexandre Parentea60 1 2 2
2 Dany Roussin Matt Martin 40 1 2 2
4 vs 4 Defense
Defense Defense Time % Phy DF OF
1 Keith Yandle Matt Generous 60 1 2 2
2 Joey Ryan David Fischer 40 1 2 2
Last Minutes Offensive
Center Left Wing Right Wing Defense Defense
Tom Pyatt Dany Roussin Adam Hall Keith Yandle Matt Generous
Last Minutes Defensive
Center Left Wing Right Wing Defense Defense
Tom Pyatt Dany Roussin Adam Hall Keith Yandle Matt Generous
Goaltenders
Starting : Corey Crawford
Backup : Barry Brust
Extra Forwards
Normal : Jon Kalinski, Carl Hagelin, Bobby Farnham - PP : Jon Kalinski, Carl Hagelin - PK : Bobby Farnham
Extra Defensemen
Normal : Taylor Doherty, Derek Forbort, Brett Festerling - PP : Taylor Doherty - PK : Derek Forbort, Brett Festerling
Penalty Shots
Adam Hall, Pierre-Alexandre Parenteau, Dany Roussin, Matt Martin, Tom Pyatt
Senators
5 vs 5 Forward
Center Left Wing Right Wing Time % Phy DF OF
1 Josh Hennessy Sergei Kostitsyn Stanislav Chistov 39 1 2 2
2 Cody Hodgson Brett Sterling Steven Goertzen 29 1 2 2
3 Mark Olver Gabriel Bourque Jack Skille 20 1 2 2
4 Nick Bjugstad Jaden Schwartz Matt Frattin 12 1 2 2
5 vs 5 Defense
Defense Defense Time % Phy DF OF
1 Milan Jurcina Erik Karlsson 40 1 2 2
2 Shane Sims Patrick Wey 30 1 2 2
3 Martin Marincin Nicolas Deslauriers 20 1 2 2
4 Milan Jurcina Erik Karlsson 10 1 2 2
PowerPlay Forward
Center Left Wing Right Wing Time % Phy DF OF
1 Josh Hennessy Sergei Kostitsyn Stanislav Chistov 60 0 2 3
2 Cody Hodgson Brett Sterling Steven Goertzen 40 0 2 3
PowerPlay Defense
Defense Defense Time % Phy DF OF
1 Milan Jurcina Erik Karlsson 60 0 2 3
2 Shane Sims Patrick Wey 40 0 2 3
Penalty Kill 4 Players Forward
Center Wing Time % Phy DF OF
1 Sergei Kostitsyn Stanislav Chistov 60 0 3 2
2 Josh Hennessy Cody Hodgson 40 0 3 2
Penalty Kill 4 Players Defense
Defense Defense Time % Phy DF OF
1 Milan Jurcina Erik Karlsson 60 0 3 2
2 Shane Sims Patrick Wey 40 0 3 2
Penalty Kill - 3 Players Forward
Forward Time % Phy DF OF
1 Sergei Kostitsyn 60 0 3 2
2 Stanislav Chistov 40 0 3 2
Penalty Kill - 3 Players Defense
Defense Defense Time % Phy DF OF
1 Milan Jurcina Erik Karlsson 60 0 3 2
2 Shane Sims Patrick Wey 40 0 3 2
4 vs 4 Forward
Center Wing Time % Phy DF OF
1 Sergei Kostitsyn Stanislav Chistov 60 1 2 2
2 Josh Hennessy Cody Hodgson 40 1 2 2
4 vs 4 Defense
Defense Defense Time % Phy DF OF
1 Milan Jurcina Erik Karlsson 60 1 2 2
2 Shane Sims Patrick Wey 40 1 2 2
Last Minutes Offensive
Center Left Wing Right Wing Defense Defense
Josh Hennessy Sergei Kostitsyn Stanislav Chistov Milan Jurcina Erik Karlsson
Last Minutes Defensive
Center Left Wing Right Wing Defense Defense
Josh Hennessy Sergei Kostitsyn Stanislav Chistov Milan Jurcina Erik Karlsson
Goaltenders
Starting : Jonas Gustavsson
Backup : Alexander Salak
Extra Forwards
Normal : Jack Skille, Mark Olver, Matt Frattin - PP : Jack Skille, Mark Olver - PK : Matt Frattin
Extra Defensemen
Normal : Martin Marincin, Nicolas Deslauriers, Shane Sims - PP : Martin Marincin - PK : Nicolas Deslauriers, Shane Sims
Penalty Shots
Sergei Kostitsyn, Stanislav Chistov, Josh Hennessy, Cody Hodgson, Steven Goertzen
% Time on Ice - Thunder
Lines # - Real PCT - Wanted PCT - Time Play
Normal Forward
1 - 31% - 40% - 16:52
2 - 31% - 30% - 16:47
3 - 28% - 20% - 15:08
4 - 11% - 10% - 5:50
Normal Defense
1 - 43% - 40% - 23:14
2 - 29% - 30% - 15:38
3 - 20% - 20% - 11:00
4 - 9% - 10% - 4:45
PP Forward
1 - 57% - 60% - 2:42
2 - 43% - 40% - 2:03
PP Defense
1 - 60% - 60% - 2:50
2 - 40% - 40% - 1:55
PK Forward
1 - 100% - 60% - 0:38
2 - 0% - 40% - 0:00
PK Defense
1 - 100% - 60% - 0:38
2 - 0% - 40% - 0:00
PK3 Forward
1 - 0% - 60%
2 - 0% - 40%
PK3 Defense
1 - 0% - 60%
2 - 0% - 40%
44 Forward
1 - 0% - 60%
2 - 0% - 40%
44 Defense
1 - 0% - 60%
2 - 0% - 40%
Last Minute Offensive - 0:00
Last Minute Defensive - 0:00
Total
Forward - 60:00
Defense - 60:00
|
% Time on Ice - Senators
Lines # - Real PCT - Wanted PCT - Time Play
Normal Forward
1 - 34% - 39% - 18:44
2 - 31% - 29% - 17:09
3 - 21% - 20% - 11:30
4 - 13% - 12% - 7:14
Normal Defense
1 - 38% - 40% - 20:39
2 - 32% - 30% - 17:17
3 - 25% - 20% - 13:49
4 - 5% - 10% - 2:52
PP Forward
1 - 100% - 60% - 0:38
2 - 0% - 40% - 0:00
PP Defense
1 - 100% - 60% - 0:38
2 - 0% - 40% - 0:00
PK Forward
1 - 84% - 60% - 3:59
2 - 16% - 40% - 0:46
PK Defense
1 - 75% - 60% - 3:33
2 - 25% - 40% - 1:12
PK3 Forward
1 - 0% - 60%
2 - 0% - 40%
PK3 Defense
1 - 0% - 60%
2 - 0% - 40%
44 Forward
1 - 0% - 60%
2 - 0% - 40%
44 Defense
1 - 0% - 60%
2 - 0% - 40%
Last Minute Offensive - 0:00
Last Minute Defensive - 0:00
Total
Forward - 60:00
Defense - 60:00
|
Play by Play
1st period
0:01 of 1st period - Josh Hennessy wins face-off versus Dany Roussin in neutral zone.
1:09 of 1st period - Snap shot by Matt Frattin.
1:09 of 1st period - Shot Blocked by Matt Generous.
1:11 of 1st period - Snap shot by Matt Frattin.
1:11 of 1st period - Shot Blocked by Matt Generous.
1:15 of 1st period - Wrist shot by Nick Bjugstad.
1:15 of 1st period - Stopped by Corey Crawford with a rebound.
2:05 of 1st period - Snap shot by Pierre-Alexandre Parenteau.
2:05 of 1st period - Shot Misses the Net.
2:07 of 1st period - Wrist shot by David Fischer.
2:07 of 1st period - Shot Misses the Net.
2:09 of 1st period - Snap shot by David Fischer.
2:09 of 1st period - Shot Misses the Net.
2:11 of 1st period - Slapshot by Joey Ryan.
2:11 of 1st period - Stopped by Jonas Gustavsson without a rebound.
2:12 of 1st period - Josh Hennessy wins face-off versus Tom Pyatt in Senators zone.
2:23 of 1st period - Snap shot by Sergei Kostitsyn.
2:23 of 1st period - Shot Blocked by Adam Hall.
2:29 of 1st period - Milan Jurcina is hit by Adam Hall and loses puck.
2:48 of 1st period - Snap shot by Cody Hodgson.
2:48 of 1st period - Stopped by Corey Crawford with a rebound.
2:50 of 1st period - Snap shot by Brett Sterling.
2:50 of 1st period - Shot Misses the Net.
3:10 of 1st period - Wrist shot by Jaden Schwartz.
3:10 of 1st period - Shot Misses the Net.
3:52 of 1st period - Snap shot by Pierre-Alexandre Parenteau.
3:52 of 1st period - Stopped by Jonas Gustavsson with a rebound.
3:54 of 1st period - Slapshot by Dmitri Orlov.
3:54 of 1st period - Shot Misses the Net.
4:51 of 1st period - Snap shot by Jaden Schwartz.
4:51 of 1st period - Stopped by Corey Crawford with a rebound.
6:01 of 1st period - Mark Olver is hit by Pierre-Alexandre Parenteau and loses puck.
6:38 of 1st period - Matt Martin is hit by Milan Jurcina.
7:16 of 1st period - Snap shot by Jannik Hansen.
7:16 of 1st period - Stopped by Jonas Gustavsson without a rebound.
7:17 of 1st period - Josh Hennessy wins face-off versus Kelly Zajac in Senators zone.
7:32 of 1st period - Snap shot by Stanislav Chistov.
7:32 of 1st period - Stopped by Corey Crawford with a rebound.
7:42 of 1st period - Brett Sterling is hit by Dany Roussin and loses puck.
7:47 of 1st period - Snap shot by Adam Hall.
7:47 of 1st period - Shot Misses the Net.
8:37 of 1st period - Snap shot by Jannik Hansen.
8:37 of 1st period - Stopped by Jonas Gustavsson without a rebound.
8:38 of 1st period - Josh Hennessy wins face-off versus Carl Hagelin in Senators zone.
8:49 of 1st period - Snap shot by Carl Hagelin.
8:49 of 1st period - Shot Blocked by Shane Sims.
8:51 of 1st period - Wrist shot by Joey Ryan.
8:51 of 1st period - Stopped by Jonas Gustavsson without a rebound.
8:52 of 1st period - Josh Hennessy wins face-off versus Dany Roussin in Senators zone.
8:59 of 1st period - Snap shot by Dany Roussin.
8:59 of 1st period - Stopped by Jonas Gustavsson without a rebound.
9:00 of 1st period - Josh Hennessy wins face-off versus Tom Pyatt in Senators zone.
9:15 of 1st period - Dany Roussin is hit by Josh Hennessy and loses puck.
9:32 of 1st period - Snap shot by Stanislav Chistov.
9:32 of 1st period - Shot Blocked by Keith Yandle.
9:38 of 1st period - Sergei Kostitsyn is hit by Keith Yandle and loses puck.
9:49 of 1st period - Snap shot by Stanislav Chistov.
9:49 of 1st period - Stopped by Corey Crawford with a rebound.
10:09 of 1st period - Snap shot by Stanislav Chistov.
10:09 of 1st period - Shot Blocked by Keith Yandle.
10:31 of 1st period - Snap shot by Josh Hennessy.
10:31 of 1st period - Stopped by Corey Crawford with a rebound.
10:51 of 1st period - Snap shot by Stanislav Chistov.
10:51 of 1st period - Stopped by Corey Crawford with a rebound.
10:59 of 1st period - Wrist shot by Dany Roussin.
10:59 of 1st period - Goal by Dany Roussin - Thunder : 1 - Senators : 0.
11:00 of 1st period - Brandon Mashinter wins face-off versus Cody Hodgson in neutral zone.
11:07 of 1st period - Steven Goertzen is hit by Brandon Mashinter and loses puck.
11:37 of 1st period - Slapshot by Jack Skille.
11:37 of 1st period - Stopped by Corey Crawford without a rebound.
11:38 of 1st period - Cody Hodgson wins face-off versus Brandon Mashinter in Thunder zone.
11:49 of 1st period - Snap shot by Matt Martin.
11:49 of 1st period - Shot Misses the Net.
11:51 of 1st period - Snap shot by Pierre-Alexandre Parenteau.
11:51 of 1st period - Deflect By Matt Martin.
11:51 of 1st period - Stopped by Jonas Gustavsson with a rebound.
12:05 of 1st period - Jannik Hansen is hit by Nicolas Deslauriers.
12:13 of 1st period - Slapshot by Jack Skille.
12:13 of 1st period - Shot Blocked by Colby Cohen.
12:15 of 1st period - Wrist shot by Jack Skille.
12:15 of 1st period - Shot Blocked by Colby Cohen.
12:25 of 1st period - Snap shot by Pierre-Alexandre Parenteau.
12:25 of 1st period - Shot Blocked by Milan Jurcina.
13:36 of 1st period - Snap shot by Carl Hagelin.
13:36 of 1st period - Stopped by Jonas Gustavsson with a rebound.
14:40 of 1st period - Slapshot by Josh Hennessy.
14:40 of 1st period - Stopped by Corey Crawford with a rebound.
14:42 of 1st period - Snap shot by Josh Hennessy.
14:42 of 1st period - Shot Misses the Net.
15:08 of 1st period - Icing by Keith Yandle.
15:09 of 1st period - Adam Hall wins face-off versus Josh Hennessy in Thunder zone.
15:21 of 1st period - Off-side.
15:22 of 1st period - Kelly Zajac wins face-off versus Cody Hodgson in neutral zone.
16:10 of 1st period - Matt Generous is hit by Erik Karlsson and loses puck.
16:29 of 1st period - Milan Jurcina is hit by Jannik Hansen and loses puck.
17:02 of 1st period - Wrist shot by Jack Skille.
17:02 of 1st period - Deflect By Matt Martin.
17:02 of 1st period - Stopped by Corey Crawford without a rebound.
17:03 of 1st period - Brandon Mashinter wins face-off versus Josh Hennessy in Thunder zone.
17:31 of 1st period - Backhand shot by Dany Roussin.
17:31 of 1st period - Stopped by Jonas Gustavsson with a rebound.
17:33 of 1st period - Slapshot by Tom Pyatt.
17:33 of 1st period - Shot Blocked by Steven Goertzen.
17:35 of 1st period - Wrist shot by Tom Pyatt.
17:35 of 1st period - Stopped by Jonas Gustavsson with a rebound.
17:50 of 1st period - Steven Goertzen is hit by Carl Hagelin and loses puck.
18:26 of 1st period - Icing by Sergei Kostitsyn.
18:27 of 1st period - Adam Hall wins face-off versus Josh Hennessy in Senators zone.
18:28 of 1st period - Slapshot by Keith Yandle.
18:28 of 1st period - Deflect By Adam Hall.
18:28 of 1st period - Shot Blocked by Sergei Kostitsyn.
18:28 of 1st period - Puck is out of play.
18:29 of 1st period - Josh Hennessy wins face-off versus Adam Hall in Senators zone.
19:02 of 1st period - Snap shot by Brandon Mashinter.
19:02 of 1st period - Goal by Brandon Mashinter - Thunder : 2 - Senators : 0.
19:03 of 1st period - Tom Pyatt wins face-off versus Josh Hennessy in neutral zone.
19:05 of 1st period - Off-side.
19:06 of 1st period - Josh Hennessy wins face-off versus Tom Pyatt in neutral zone.
19:37 of 1st period - Wrist shot by Cody Hodgson.
19:37 of 1st period - Stopped by Corey Crawford without a rebound.
19:38 of 1st period - Brandon Mashinter wins face-off versus Cody Hodgson in Thunder zone.
Goals for this period are 2 for Thunder vs 0 for Senators.
Shots for this period are 12 for Thunder vs 11 for Senators.
2nd period
0:01 of 2nd period - Josh Hennessy wins face-off versus Tom Pyatt in neutral zone.
0:14 of 2nd period - Snap shot by Sergei Kostitsyn.
0:14 of 2nd period - Stopped by Corey Crawford without a rebound.
0:15 of 2nd period - Cody Hodgson wins face-off versus Brandon Mashinter in Thunder zone.
0:18 of 2nd period - Slapshot by Steven Goertzen.
0:18 of 2nd period - Stopped by Corey Crawford with a rebound.
0:20 of 2nd period - Snap shot by Brett Sterling.
0:20 of 2nd period - Shot Misses the Net.
0:22 of 2nd period - Slapshot by Erik Karlsson.
0:22 of 2nd period - Stopped by Corey Crawford without a rebound.
0:23 of 2nd period - Brandon Mashinter wins face-off versus Cody Hodgson in Thunder zone.
1:10 of 2nd period - Icing by Carl Hagelin.
1:11 of 2nd period - Mark Olver wins face-off versus Kelly Zajac in Thunder zone.
1:12 of 2nd period - Slapshot by Gabriel Bourque.
1:12 of 2nd period - Stopped by Corey Crawford with a rebound.
1:20 of 2nd period - Gabriel Bourque is hit by Keith Yandle and loses puck.
1:37 of 2nd period - Wrist shot by Pierre-Alexandre Parenteau.
1:37 of 2nd period - Shot Blocked by Jack Skille.
1:39 of 2nd period - Snap shot by Brandon Mashinter.
1:39 of 2nd period - Shot Blocked by Gabriel Bourque.
1:41 of 2nd period - Wrist shot by Brandon Mashinter.
1:41 of 2nd period - Goal by Brandon Mashinter - Thunder : 3 - Senators : 0.
1:42 of 2nd period - Tom Pyatt wins face-off versus Sergei Kostitsyn in neutral zone.
1:45 of 2nd period - Snap shot by Adam Hall.
1:45 of 2nd period - Shot Blocked by Milan Jurcina.
1:51 of 2nd period - Slapshot by Erik Karlsson.
1:51 of 2nd period - Shot Misses the Net.
2:09 of 2nd period - Matt Martin is hit by Brett Sterling and loses puck.
2:20 of 2nd period - Slapshot by Steven Goertzen.
2:20 of 2nd period - Stopped by Corey Crawford with a rebound.
2:37 of 2nd period - Minor Penalty to Gabriel Bourque for Interference.
2:38 of 2nd period - Sergei Kostitsyn wins face-off versus Tom Pyatt in Senators zone.
2:48 of 2nd period - Wrist shot by Sergei Kostitsyn.
2:48 of 2nd period - Stopped by Corey Crawford with a rebound.
3:12 of 2nd period - Wrist shot by Brandon Mashinter.
3:12 of 2nd period - Shot Misses the Net.
3:14 of 2nd period - Backhand shot by Joey Ryan.
3:14 of 2nd period - Shot Misses the Net.
3:42 of 2nd period - Snap shot by Matt Frattin.
3:42 of 2nd period - Stopped by Corey Crawford without a rebound.
3:43 of 2nd period - Tom Pyatt wins face-off versus Sergei Kostitsyn in Thunder zone.
3:50 of 2nd period - Wrist shot by Dany Roussin.
3:50 of 2nd period - Shot Hit the Post.
3:56 of 2nd period - Snap shot by Dany Roussin.
3:56 of 2nd period - Shot Blocked by Shane Sims.
4:37 of 2nd period - Penalty to Gabriel Bourque is over, Gabriel Bourque is back on ice.
4:50 of 2nd period - Snap shot by Mark Olver.
4:50 of 2nd period - Stopped by Corey Crawford with a rebound.
5:34 of 2nd period - Snap shot by Cody Hodgson.
5:34 of 2nd period - Stopped by Corey Crawford with a rebound.
5:36 of 2nd period - Wrist shot by Brett Sterling.
5:36 of 2nd period - Shot Blocked by Colby Cohen.
7:13 of 2nd period - Milan Jurcina is hit by Tom Pyatt.
7:25 of 2nd period - Wrist shot by Erik Karlsson.
7:25 of 2nd period - Stopped by Corey Crawford with a rebound.
7:47 of 2nd period - Backhand shot by Jack Skille.
7:47 of 2nd period - Shot Blocked by Colby Cohen.
7:49 of 2nd period - Snap shot by Milan Jurcina.
7:49 of 2nd period - Stopped by Corey Crawford with a rebound.
8:54 of 2nd period - Snap shot by Gabriel Bourque.
8:54 of 2nd period - Shot Misses the Net.
8:56 of 2nd period - Slapshot by Martin Marincin.
8:56 of 2nd period - Stopped by Corey Crawford with a rebound.
8:58 of 2nd period - Snap shot by Mark Olver.
8:58 of 2nd period - Shot Misses the Net.
9:18 of 2nd period - Wrist shot by Matt Frattin.
9:18 of 2nd period - Stopped by Corey Crawford with a rebound.
9:28 of 2nd period - Slapshot by Matt Generous.
9:28 of 2nd period - Stopped by Jonas Gustavsson with a rebound.
9:45 of 2nd period - Off-side.
9:46 of 2nd period - Steven Goertzen wins face-off versus Carl Hagelin in neutral zone.
10:13 of 2nd period - Wrist shot by Adam Hall.
10:13 of 2nd period - Shot Misses the Net.
10:15 of 2nd period - Slapshot by David Fischer.
10:15 of 2nd period - Deflect By Adam Hall.
10:15 of 2nd period - Thunder goal is going for a video replay.
10:15 of 2nd period - The goal is good.
10:15 of 2nd period - Goal by Adam Hall - Thunder : 4 - Senators : 0.
10:15 of 2nd period - Alexander Salak enters game.
10:16 of 2nd period - Tom Pyatt wins face-off versus Josh Hennessy in neutral zone.
10:19 of 2nd period - Josh Hennessy is hit by Dany Roussin.
10:43 of 2nd period - Icing by Erik Karlsson.
10:44 of 2nd period - Cody Hodgson wins face-off versus Brandon Mashinter in Senators zone.
10:53 of 2nd period - Wrist shot by Cody Hodgson.
10:53 of 2nd period - Stopped by Corey Crawford with a rebound.
10:57 of 2nd period - Wrist shot by Cody Hodgson.
10:57 of 2nd period - Shot Misses the Net.
10:59 of 2nd period - Slapshot by Cody Hodgson.
10:59 of 2nd period - Shot Blocked by Matt Generous.
10:59 of 2nd period - Matt Generous from Thunder is injured at 10:59 of 2nd period (Bruised Left Foot).
11:00 of 2nd period - Tom Pyatt wins face-off versus Josh Hennessy in Thunder zone.
11:15 of 2nd period - Wrist shot by Tom Pyatt.
11:15 of 2nd period - Goal by Tom Pyatt - Thunder : 5 - Senators : 0.
11:16 of 2nd period - Dany Roussin wins face-off versus Josh Hennessy in neutral zone.
11:25 of 2nd period - Snap shot by Tom Pyatt.
11:25 of 2nd period - Shot Misses the Net.
11:31 of 2nd period - Erik Karlsson is hit by Dany Roussin and loses puck.
12:06 of 2nd period - Wrist shot by Stanislav Chistov.
12:06 of 2nd period - Shot Blocked by Joey Ryan.
12:08 of 2nd period - Wrist shot by Josh Hennessy.
12:08 of 2nd period - Shot Misses the Net.
12:10 of 2nd period - Slapshot by Sergei Kostitsyn.
12:10 of 2nd period - Shot Misses the Net.
12:12 of 2nd period - Wrist shot by Sergei Kostitsyn.
12:12 of 2nd period - Stopped by Corey Crawford with a rebound.
12:29 of 2nd period - Icing by Joey Ryan.
12:30 of 2nd period - Adam Hall wins face-off versus Cody Hodgson in Thunder zone.
13:01 of 2nd period - Wrist shot by Matt Martin.
13:01 of 2nd period - Stopped by Alexander Salak with a rebound.
13:03 of 2nd period - Wrist shot by Matt Martin.
13:03 of 2nd period - Goal by Matt Martin - Thunder : 6 - Senators : 0.
13:04 of 2nd period - Cody Hodgson wins face-off versus Tom Pyatt in neutral zone.
13:19 of 2nd period - Wrist shot by Brett Sterling.
13:19 of 2nd period - Deflect By Steven Goertzen.
13:19 of 2nd period - Stopped by Corey Crawford with a rebound.
13:38 of 2nd period - Slapshot by Jack Skille.
13:38 of 2nd period - Shot Misses the Net.
14:26 of 2nd period - Snap shot by Jannik Hansen.
14:26 of 2nd period - Stopped by Alexander Salak without a rebound.
14:27 of 2nd period - Mark Olver wins face-off versus Tom Pyatt in Senators zone.
14:45 of 2nd period - Minor Penalty to Tom Pyatt for Boarding.
14:46 of 2nd period - Adam Hall wins face-off versus Josh Hennessy in Thunder zone.
14:51 of 2nd period - Icing by Stanislav Chistov.
14:52 of 2nd period - Adam Hall wins face-off versus Josh Hennessy in Senators zone.
14:55 of 2nd period - Wrist shot by Adam Hall.
14:55 of 2nd period - Stopped by Alexander Salak with a rebound.
15:07 of 2nd period - Wrist shot by Josh Hennessy.
15:07 of 2nd period - Shot Misses the Net.
15:23 of 2nd period - Snap shot by Josh Hennessy.
15:23 of 2nd period - Goal by Josh Hennessy - Thunder : 6 - Senators : 1.
15:24 of 2nd period - Tom Pyatt wins face-off versus Cody Hodgson in neutral zone.
15:27 of 2nd period - Milan Jurcina is hit by Tom Pyatt and loses puck.
16:18 of 2nd period - Off-side.
16:19 of 2nd period - Brandon Mashinter wins face-off versus Sergei Kostitsyn in neutral zone.
16:31 of 2nd period - Snap shot by Stanislav Chistov.
16:31 of 2nd period - Shot Misses the Net.
16:52 of 2nd period - Off-side.
16:53 of 2nd period - Matt Martin wins face-off versus Brett Sterling in neutral zone.
17:02 of 2nd period - Snap shot by Steven Goertzen.
17:02 of 2nd period - Stopped by Corey Crawford with a rebound.
17:04 of 2nd period - Snap shot by Brett Sterling.
17:04 of 2nd period - Stopped by Corey Crawford without a rebound.
17:05 of 2nd period - Tom Pyatt wins face-off versus Josh Hennessy in Thunder zone.
17:54 of 2nd period - Slapshot by Adam Hall.
17:54 of 2nd period - Stopped by Alexander Salak with a rebound.
17:56 of 2nd period - Wrist shot by Dany Roussin.
17:56 of 2nd period - Stopped by Alexander Salak without a rebound.
17:57 of 2nd period - Brandon Mashinter wins face-off versus Josh Hennessy in Senators zone.
18:23 of 2nd period - Matt Martin is hit by Gabriel Bourque and loses puck.
18:46 of 2nd period - Wrist shot by Matt Martin.
18:46 of 2nd period - Stopped by Alexander Salak with a rebound.
18:56 of 2nd period - Brett Festerling is hit by Mark Olver and loses puck.
19:29 of 2nd period - Snap shot by Gabriel Bourque.
19:29 of 2nd period - Stopped by Corey Crawford with a rebound.
19:31 of 2nd period - Slapshot by Shane Sims.
19:31 of 2nd period - Deflect By Gabriel Bourque.
19:31 of 2nd period - Shot Misses the Net.
19:31 of 2nd period - Puck is out of play.
19:32 of 2nd period - Tom Pyatt wins face-off versus Josh Hennessy in Thunder zone.
19:32 of 2nd period - Tom Pyatt is hit by Josh Hennessy.
19:42 of 2nd period - Keith Yandle is hit by Milan Jurcina and loses puck.
Goals for this period are 4 for Thunder vs 1 for Senators.
Shots for this period are 11 for Thunder vs 20 for Senators.
3rd period
0:01 of 3rd period - Josh Hennessy wins face-off versus Tom Pyatt in neutral zone.
0:08 of 3rd period - Snap shot by Stanislav Chistov.
0:08 of 3rd period - Stopped by Corey Crawford with a rebound.
0:10 of 3rd period - Snap shot by Josh Hennessy.
0:10 of 3rd period - Shot Misses the Net.
0:43 of 3rd period - Minor Penalty to Martin Marincin for Slashing.
0:44 of 3rd period - Tom Pyatt wins face-off versus Sergei Kostitsyn in Senators zone.
0:57 of 3rd period - Icing by Adam Hall.
0:58 of 3rd period - Sergei Kostitsyn wins face-off versus Tom Pyatt in Thunder zone.
1:05 of 3rd period - Wrist shot by Dany Roussin.
1:05 of 3rd period - Shot Misses the Net.
1:07 of 3rd period - Wrist shot by Adam Hall.
1:07 of 3rd period - Shot Blocked by Erik Karlsson.
1:09 of 3rd period - Slapshot by Keith Yandle.
1:09 of 3rd period - Shot Misses the Net.
1:11 of 3rd period - Slapshot by Taylor Doherty.
1:11 of 3rd period - Deflect By Adam Hall.
1:11 of 3rd period - Shot Misses the Net.
1:11 of 3rd period - Puck is out of play.
1:12 of 3rd period - Tom Pyatt wins face-off versus Sergei Kostitsyn in Senators zone.
2:22 of 3rd period - Pierre-Alexandre Parenteau is hit by Milan Jurcina and loses puck.
2:43 of 3rd period - Penalty to Martin Marincin is over, Martin Marincin is back on ice.
3:10 of 3rd period - Carl Hagelin is hit by Matt Frattin and loses puck.
3:16 of 3rd period - Icing by Keith Yandle.
3:17 of 3rd period - Kelly Zajac wins face-off versus Cody Hodgson in Thunder zone.
3:22 of 3rd period - Slapshot by Keith Yandle.
3:22 of 3rd period - Shot Misses the Net.
3:48 of 3rd period - Slapshot by Keith Yandle.
3:48 of 3rd period - Deflect By Steven Goertzen.
3:48 of 3rd period - Stopped by Alexander Salak with a rebound.
4:00 of 3rd period - Wrist shot by Carl Hagelin.
4:00 of 3rd period - Shot Blocked by Brett Sterling.
4:30 of 3rd period - Slapshot by Brett Sterling.
4:30 of 3rd period - Shot Misses the Net.
4:32 of 3rd period - Slapshot by Cody Hodgson.
4:32 of 3rd period - Shot Misses the Net.
4:34 of 3rd period - Slapshot by Nicolas Deslauriers.
4:34 of 3rd period - Stopped by Corey Crawford with a rebound.
4:36 of 3rd period - Slapshot by Steven Goertzen.
4:36 of 3rd period - Shot Misses the Net.
5:24 of 3rd period - Nicolas Deslauriers is hit by Kelly Zajac and loses puck.
6:03 of 3rd period - Snap shot by Brett Sterling.
6:03 of 3rd period - Shot Misses the Net.
6:05 of 3rd period - Snap shot by Cody Hodgson.
6:05 of 3rd period - Shot Misses the Net.
7:40 of 3rd period - Slapshot by Keith Yandle.
7:40 of 3rd period - Deflect By Carl Hagelin.
7:40 of 3rd period - Shot Misses the Net.
7:40 of 3rd period - Puck is out of play.
7:41 of 3rd period - Josh Hennessy wins face-off versus Tom Pyatt in Senators zone.
8:06 of 3rd period - Milan Jurcina is hit by Joey Ryan and loses puck.
8:13 of 3rd period - Wrist shot by Brandon Mashinter.
8:13 of 3rd period - Stopped by Alexander Salak without a rebound.
8:14 of 3rd period - Sergei Kostitsyn wins face-off versus Brandon Mashinter in Senators zone.
8:21 of 3rd period - Snap shot by Sergei Kostitsyn.
8:21 of 3rd period - Shot Misses the Net.
9:02 of 3rd period - Minor Penalty to Nick Bjugstad for Charging.
9:03 of 3rd period - Sergei Kostitsyn wins face-off versus Brandon Mashinter in Senators zone.
9:07 of 3rd period - Backhand shot by Pierre-Alexandre Parenteau.
9:07 of 3rd period - Stopped by Alexander Salak with a rebound.
9:09 of 3rd period - Snap shot by Joey Ryan.
9:09 of 3rd period - Goal by Joey Ryan - Thunder : 7 - Senators : 1.
9:10 of 3rd period - Josh Hennessy wins face-off versus Tom Pyatt in neutral zone.
9:46 of 3rd period - Off-side.
9:47 of 3rd period - Tom Pyatt wins face-off versus Josh Hennessy in neutral zone.
10:41 of 3rd period - Wrist shot by Dalton Smith.
10:41 of 3rd period - Deflect By Adam Hall.
10:41 of 3rd period - Shot Misses the Net.
10:41 of 3rd period - Puck is out of play.
10:42 of 3rd period - Adam Hall wins face-off versus Mark Olver in Senators zone.
10:53 of 3rd period - Slapshot by Adam Hall.
10:53 of 3rd period - Goal by Adam Hall - Thunder : 8 - Senators : 1.
10:54 of 3rd period - Stanislav Chistov wins face-off versus Tom Pyatt in neutral zone.
11:01 of 3rd period - Snap shot by Stanislav Chistov.
11:01 of 3rd period - Stopped by Corey Crawford with a rebound.
11:21 of 3rd period - Snap shot by Jack Skille.
11:21 of 3rd period - Stopped by Corey Crawford without a rebound.
11:22 of 3rd period - Brandon Mashinter wins face-off versus Mark Olver in Thunder zone.
11:27 of 3rd period - Snap shot by Pierre-Alexandre Parenteau.
11:27 of 3rd period - Stopped by Alexander Salak without a rebound.
11:28 of 3rd period - Josh Hennessy wins face-off versus Brandon Mashinter in Senators zone.
11:34 of 3rd period - Sergei Kostitsyn and Matt Martin fight to a draw.
11:34 of 3rd period - Penalty to Sergei Kostitsyn for Fighting.
11:34 of 3rd period - Penalty to Matt Martin for Fighting.
11:35 of 3rd period - Tom Pyatt wins face-off versus Josh Hennessy in neutral zone.
11:38 of 3rd period - Snap shot by Adam Hall.
11:38 of 3rd period - Goal by Adam Hall - Thunder : 9 - Senators : 1.
11:39 of 3rd period - Tom Pyatt wins face-off versus Josh Hennessy in neutral zone.
11:43 of 3rd period - Minor Penalty to Milan Jurcina for Roughing.
11:44 of 3rd period - Tom Pyatt wins face-off versus Matt Frattin in Senators zone.
11:45 of 3rd period - Snap shot by Dany Roussin.
11:45 of 3rd period - Deflect By Adam Hall.
11:45 of 3rd period - Shot Misses the Net.
11:45 of 3rd period - Puck is out of play.
11:46 of 3rd period - Stanislav Chistov wins face-off versus Tom Pyatt in Senators zone.
12:19 of 3rd period - Slapshot by Keith Yandle.
12:19 of 3rd period - Deflect By Brandon Mashinter.
12:19 of 3rd period - Shot Blocked by Erik Karlsson.
12:19 of 3rd period - Puck is out of play.
12:20 of 3rd period - Jon Kalinski wins face-off versus Nick Bjugstad in Senators zone.
12:21 of 3rd period - Slapshot by Keith Yandle.
12:21 of 3rd period - Stopped by Alexander Salak with a rebound.
12:23 of 3rd period - Snap shot by Brandon Mashinter.
12:23 of 3rd period - Goal by Brandon Mashinter - Thunder : 10 - Senators : 1.
12:24 of 3rd period - Tom Pyatt wins face-off versus Josh Hennessy in neutral zone.
12:56 of 3rd period - Slapshot by Brandon Mashinter.
12:56 of 3rd period - Shot Misses the Net.
12:58 of 3rd period - Snap shot by Brandon Mashinter.
12:58 of 3rd period - Stopped by Alexander Salak with a rebound.
13:08 of 3rd period - Erik Karlsson is hit by Jannik Hansen and loses puck.
13:53 of 3rd period - Wrist shot by Josh Hennessy.
13:53 of 3rd period - Stopped by Corey Crawford with a rebound.
14:05 of 3rd period - Slapshot by Milan Jurcina.
14:05 of 3rd period - Stopped by Corey Crawford without a rebound.
14:06 of 3rd period - Tom Pyatt wins face-off versus Cody Hodgson in Thunder zone.
14:06 of 3rd period - Tom Pyatt is hit by Patrick Wey.
14:14 of 3rd period - Wrist shot by Steven Goertzen.
14:14 of 3rd period - Stopped by Corey Crawford without a rebound.
14:15 of 3rd period - Brandon Mashinter wins face-off versus Josh Hennessy in Thunder zone.
14:15 of 3rd period - Brandon Mashinter is hit by Josh Hennessy.
14:20 of 3rd period - Mat Clark beats up Josh Hennessy.
14:20 of 3rd period - Penalty to Josh Hennessy for Fighting.
14:20 of 3rd period - Penalty to Mat Clark for Fighting.
14:21 of 3rd period - Tom Pyatt wins face-off versus Jack Skille in Thunder zone.
14:53 of 3rd period - Slapshot by Keith Yandle.
14:53 of 3rd period - Deflect By Brett Sterling.
14:53 of 3rd period - Stopped by Alexander Salak without a rebound.
14:54 of 3rd period - Jack Skille wins face-off versus Tom Pyatt in Senators zone.
15:17 of 3rd period - Brett Sterling is hit by Pierre-Alexandre Parenteau and loses puck.
15:38 of 3rd period - Slapshot by Keith Yandle.
15:38 of 3rd period - Stopped by Alexander Salak with a rebound.
15:40 of 3rd period - Wrist shot by Kelly Zajac.
15:40 of 3rd period - Stopped by Alexander Salak with a rebound.
15:42 of 3rd period - Snap shot by Jannik Hansen.
15:42 of 3rd period - Shot Blocked by Patrick Wey.
15:44 of 3rd period - Slapshot by Jannik Hansen.
15:44 of 3rd period - Shot Blocked by Matt Frattin.
15:54 of 3rd period - David Fischer is hit by Stanislav Chistov and loses puck.
15:59 of 3rd period - Snap shot by Mark Olver.
15:59 of 3rd period - Shot Misses the Net.
16:01 of 3rd period - Slapshot by Mark Olver.
16:01 of 3rd period - Shot Misses the Net.
17:30 of 3rd period - Snap shot by Gabriel Bourque.
17:30 of 3rd period - Stopped by Corey Crawford with a rebound.
17:32 of 3rd period - Snap shot by Mark Olver.
17:32 of 3rd period - Stopped by Corey Crawford without a rebound.
17:33 of 3rd period - Carl Hagelin wins face-off versus Mark Olver in Thunder zone.
17:56 of 3rd period - Stanislav Chistov is hit by Brandon Mashinter and loses puck.
18:05 of 3rd period - Backhand shot by Brandon Mashinter.
18:05 of 3rd period - Deflect By Pierre-Alexandre Parenteau.
18:05 of 3rd period - Stopped by Alexander Salak without a rebound.
18:06 of 3rd period - Tom Pyatt wins face-off versus Cody Hodgson in Senators zone.
19:34 of 3rd period - Martin Marincin is hit by Keith Yandle and loses puck.
Goals for this period are 4 for Thunder vs 0 for Senators.
Shots for this period are 14 for Thunder vs 9 for Senators.
Back to the Top